 Dungeon Crawl Stone Soup version 0.29.1-13-g9f3cf754e1 (webtiles) character file.

Game seed: 15511736222559043940

29 octoduck the Shooter (level 3, 0/30 HPs)
             Began as a Minotaur Hunter on Feb 10, 2023.
             Slain by Sigmund
             ... wielding a +0 scythe
              (10 damage)
             ... on level 1 of the Dungeon.
             The game lasted 00:03:13 (1345 turns).

octoduck the Shooter (Minotaur Hunter)              Turns: 1345, Time: 00:03:13

Health: 0/30       AC:  3    Str: 15    XL:     3   Next: 1%
Magic:  2/2        EV: 12    Int:  6    God:
Gold:   30         SH:  0    Dex: 15    Spells: 2/2 levels left

rFire   . . .      SeeInvis .   a - +0 shortbow
rCold   . . .      Faith    .   (shield currently unavailable)
rNeg    . . .      Spirit   .   c - +0 leather armour
rPois   .          Reflect  .   (helmet restricted)
rElec   .          Harm     .   (no cloak)
rCorr   .          Rampage  .   (no gloves)
Will    .....                   (no boots)
Stlth   +.........              (no amulet)
HPRegen 0.10/turn               f - ring of wizardry
MPRegen 0.08/turn               (no ring)

@: about to teleport, weak-willed
A: horns 2, retaliatory headbutt
a: no special abilities


You were on level 1 of the Dungeon.
You visited 1 branch of the dungeon, and saw 2 of its levels.

You collected 30 gold pieces.

Inventory:

Hand Weapons
 a - a +0 shortbow (weapon)
 j - a +0 short sword
Armour
 c - a +0 leather armour (worn)
Jewellery
 f - a ring of wizardry (left hand)
Scrolls
 b - a scroll of immolation
Potions
 i - a potion of curing {unknown}
 k - a potion of berserk rage {unknown}


   Skills:
 - Level 2.4 Fighting
 + Level 5.5 Ranged Weapons
 - Level 2.1 Dodging
 - Level 0.7 Stealth


You had 2 spell levels left.
You didn't know any spells.
Your spell library was empty.

Dungeon Overview and Level Annotations

Branches:
Dungeon (2/15)

Altars:

Annotations:
D:1 1 runed translucent door, Sigmund


Innate Abilities, Weirdness & Mutations

You have a pair of horns on your head.
You reflexively headbutt those who attack you in melee.


Message History

The jackal barks!
You hear a bark!
The jackal barks!
The endoplasm quivers.
Could not explore, unopened runed door.
The rat twitches its whiskers.
There is a fountain of clear blue water here.
There is an open door here.
There is a stone staircase leading down here.
You climb downwards.
Sigmund shouts!
You hear an angry hiss.
Found 4 poisoned darts.
Found a stone staircase leading up and a stone staircase leading down.
There is a stone staircase leading up here.
Sigmund casts a spell at you. The puff of flame hits you.
You climb upwards.
Level annotation: 1 runed translucent door
There is a stone staircase leading down here.
Okay, then.
Okay, then.
Okay, then.
As you read the scroll labelled ULA SOEMAYNI, it crumbles to dust.
You feel aware of your surroundings.
It was a scroll of magic mapping.
The dart slug bites you.
Sigmund points at you and mumbles some strange words.
The puff of flame hits you.
As you read the scroll labelled MAUWKYCVIO, it crumbles to dust.
Your body is wracked with pain!
The dart slug convulses!
Sigmund convulses!
It was a scroll of torment.
The dart slug bites you but does no damage.
Sigmund closely misses you.
As you read the scroll labelled KIUFOV ESERO, it crumbles to dust.
Magic quickly surges around you.
It was a scroll of vulnerability.
As you read the scroll labelled FILIKAOFEZ, it crumbles to dust.
You feel strangely unstable.
It was a scroll of teleportation.
Sigmund closely misses you.
The dart slug bites you but does no damage.
The dart slug closely misses you.
Sigmund hits you from afar with a +0 scythe!
You die...

#.# #.#.###.#.####..###. #.#
#.#.##......##..# #. #.#
#.#.##..#.#..#..# #. ######.#
#.#.##..#.......# #. #......#
#.#.##..####.#.## #.
#.############.#.....#....#.# #.
#..............#@#...#.####.# #.
...............w>#...#......# #.
#...############@###.######### #.
....# ####...................# #.
#...# #..........###.######.## #.
#...###............#.######.# #.
#....##.[..###.#..#.........####.
#................................
#..#.##....#.#................###
.........#.#.#.#..###########.#
###..P♣....#.#....# #.#


You could see Sigmund (weak-willed) and a dart slug (weak-willed).

Vanquished Creatures
  2 dart slugs (D:1)
  3 ball pythons (D:1)
  3 endoplasms (D:1)
  A goblin (D:1)
  3 hobgoblins (D:1)
  2 kobolds (D:1)
  A quokka (D:1)
  A bat (D:1)
  4 frilled lizards (D:1)
  4 rats (D:1)
24 creatures vanquished.

Notes
Turn   | Place    | Note
-------+----------+-------------------------------------------
     0 | D:1      | octoduck the Minotaur Hunter began the quest for the Orb.
     0 | D:1      | Reached XP level 1. HP: 18/18 MP: 0/0
     1 | D:1      | Found a runed translucent door.
     3 | D:1      | Noticed a jelly
   143 | D:1      | Found a faded altar of an unknown god.
   411 | D:1      | Reached XP level 2. HP: 23/25 MP: 1/1
   416 | D:1      | Reached skill level 5 in Ranged Weapons
  1171 | D:1      | Reached XP level 3. HP: 30/30 MP: 2/2
  1338 | D:2      | Noticed Sigmund
  1345 | D:1      | Slain by Sigmund

Illustrated notes

Levels and vault maps discovered:
D:1:      dpeg_arrival_caged_fury, layout_basic,
          ebering_ecumenical_altar_petrified, reono_crystal_passage
D:2:      layout_rooms, hangedman_decor_push, minmay_pentomino_w4, uniq_sigmund

Skill      XL: |  1  2 |
---------------+-------+-----
Ranged Weapons | 5 |  5.5
Fighting       | |  2.4
Dodging        | |  2.1
Stealth        | |  0.7

Action                   || total
-------------------------++-------
Melee: Unarmed           ||     2
       Headbutt          ||     1
 Fire: Shortbow          ||    49
  Use: Scroll            ||     4
Armor: Leather armour    ||     3
Dodge: Dodged            ||    13
